 Dungeon Crawl Stone Soup version 0.29-a0-1008-g949cc1d0fb (webtiles) character file.

Game seed: 2833377170288332679

1031 siradein the Shield-Bearer (level 8, -11/34 (64) HPs)
             Began as a Formicid Fighter on Aug 8, 2022.
             Was an Initiate of Okawaru.
             Mangled by a two-headed ogre
             ... wielding a +0 giant spiked club
              (26 damage)
             ... on level 5 of the Dungeon.
             The game lasted 00:19:13 (7738 turns).

siradein the Shield-Bearer (Formicid Fighter)       Turns: 7738, Time: 00:19:13

HP:   -11/34 (64)   AC: 11    Str: 22    XL:     8   Next: 47%
MP:   8/8           EV:  7    Int:  7    God:    Okawaru [......]
Gold: 328           SH:  6    Dex: 15    Spells: 7/7 levels left

rFire   + . .      SeeInvis +   A - +0 halberd
rCold   . . .      Faith    .   c - +0 buckler
rNeg    . . .      Spirit   .   q - +0 chain mail
rPois   +          Reflect  .   (helmet unavailable)
rElec   .          Harm     .   (no cloak)
rCorr   .          Rampage  .   (no gloves)
Will    .....                   o - +0 pair of boots
Stlth   ..........              (no amulet)
HPRegen 0.11/turn               j - ring of protection from fire
MPRegen 0.11/turn               a - ring of poison resistance

@: very heavily drained
A: permanent stasis, dig shafts and tunnels, antennae 3, four strong arms
a: Dig, Shaft Self, Renounce Religion


You were on level 5 of the Dungeon.
You worshipped Okawaru.
Okawaru was noncommittal.
You visited 2 branches of the dungeon, and saw 6 of its levels.
You also visited: Sewer.

You collected 342 gold pieces.
You spent 14 gold pieces at shops.

Inventory:

Hand Weapons
 A - a +0 halberd (weapon)
Missiles
 b - 2 boomerangs of dispersal (quivered)
 m - 6 silver javelins
 v - 2 javelins
 I - a throwing net
Armour
 c - a +0 buckler (worn)
 o - a +0 pair of boots (worn)
 q - a +0 chain mail (worn)
Jewellery
 a - a ring of poison resistance (right hand)
 j - a ring of protection from fire (left hand)
 k - a ring of resist corrosion
 l - a ring of wizardry
 C - a ring of protection from cold
 E - a ring of ice
Wands
 L - a wand of roots (9)
 M - a wand of mindburst (13)
Scrolls
 f - 3 scrolls of enchant armour {unknown}
 p - 2 scrolls of enchant weapon {unknown}
 r - a scroll of fear
 u - a scroll of fog {unknown}
 w - 3 scrolls of immolation {unknown}
 x - 2 scrolls of blinking
 y - a scroll of acquirement {unknown}
 z - 2 scrolls of teleportation {unknown}
 B - a scroll of vulnerability
 D - a scroll of amnesia {unknown}
 F - 2 scrolls of noise
 J - a scroll of torment {unknown}
 K - a scroll of identify
Potions
 d - 2 potions of might
 e - 2 potions of berserk rage {unknown}
 g - 2 potions of resistance {unknown}
 h - 2 potions of mutation {unknown}
 i - 2 potions of attraction {unknown}
 n - 3 potions of heal wounds
 s - 2 potions of curing
 t - 2 potions of lignification {unknown}
 G - a potion of flight {unknown}
 H - 2 potions of invisibility {unknown}


   Skills:
 + Level 5.9 Fighting
 + Level 4.9 Polearms
 + Level 1.6 Throwing
 + Level 5.9 Armour
 + Level 7.1 Shields
 + Level 0.6 Invocations


You had 7 spell levels left.
You didn't know any spells.
Your spell library contained the following spells:

 Spells                   Type           Power      Damage    Failure   Level
 Sting                    Tmut/Pois      0%         1d3       99%         1
 Poisonous Vapours        Pois/Air       0%         N/A       99%         2
 Gell's Gravitas          Tloc           0%         N/A       100%        3
 Teleport Other           Tloc           0%         N/A       100%        3
 Olgreb's Toxic Radiance  Pois           0%         N/A       100%        4
 Dispersal                Tloc           0%         N/A       100%        6


Dungeon Overview and Level Annotations

Branches:
Dungeon (5/15)             Temple (1/1) D:5           Sewer (visited)

Altars:
Ashenzari
Cheibriados
Dithmenos
Fedhas
Gozag
Hepliaklqana
Makhleb
Nemelex Xobeh
Okawaru
Qazlal
Ru
Sif Muna
Trog
Vehumet
Yredelemnul
The Shining One

Shops:
D:1 (   D:3 !


Innate Abilities, Weirdness & Mutations

You cannot be hasted, slowed, berserked, paralysed or teleported.
You can dig through walls and to a lower floor.
You have a pair of large antennae on your head. (SInv)
Your four strong arms can wield two-handed weapons with a shield.


Message History

Aiming: Fastroot
Press: ? - help, Shift-Dir - straight line, f/p - two-headed ogre
Aim: a two-headed ogre, wielding two +0 giant spiked clubs (heavily wounded)
The roots erupt in riotous growth!
Roots grab the two-headed ogre.
The grasping roots constrict the two-headed ogre.
The two-headed ogre struggles to escape constriction.
The grasping roots constrict the two-headed ogre.
The two-headed ogre struggles to escape constriction.
The grasping roots constrict the two-headed ogre!
The roots release their grip on the two-headed ogre.
You reach to attack!
You hit the two-headed ogre.
The two-headed ogre is severely wounded.
Throw: 5 boomerangs (disperse)
Press: ? - help, Q - select action, (/) - cycle Shift-Dir - straight line, f/p - two-headed ogre
Aim: a two-headed ogre, wielding two +0 giant spiked clubs (severely wounded, 75% to hit)
You throw a boomerang of dispersal.
The boomerang of dispersal hits the two-headed ogre!
The two-headed ogre blinks!
The two-headed ogre is almost dead.
You reach to attack!
You hit the two-headed ogre.
The two-headed ogre is almost dead.
Throw: 4 boomerangs (disperse)
Press: ? - help, Q - select action, (/) - cycle Shift-Dir - straight line, f/p - two-headed ogre
Aim: a two-headed ogre, wielding two +0 giant spiked clubs (almost dead, 75% to hit)
You throw a boomerang of dispersal.
The boomerang of dispersal completely misses the two-headed ogre.
You block the two-headed ogre's attack.
The two-headed ogre hits you with a +0 giant spiked club!!
Ouch! That really hurt!
Throw: 3 boomerangs (disperse)
Press: ? - help, Q - select action, (/) - cycle Shift-Dir - straight line, f/p - two-headed ogre
Aim: a two-headed ogre, wielding two +0 giant spiked clubs (almost dead, 75% to hit)
You throw a boomerang of dispersal.
The boomerang of dispersal hits the two-headed ogre but does no damage.
The two-headed ogre is almost dead.
The two-headed ogre barely misses you.
The two-headed ogre hits you with a +0 giant spiked club!!
Ouch! That really hurt!
You die...

...................#####.(.....#
#####.#..########..# #.......#
#.#..# #...# #.......# ###
#.#..#######..### #.....).## ..#
#.#.............# #.......#.
..###.##.#######..#.#######.####.
..#......# #..#.........# #.
>.....# ## #O..#############.
..#.#.##########@...............<
..#.#.............>##############
......############## #.##### #.#
..# ###


You could see a two-headed ogre.

Vanquished Creatures
  An ice beast (D:5)
  A phantom (D:5)
  A kobold brigand (D:5)
  2 scorpions
  A crimson imp (D:4)
  3 hounds
  A gnoll bouda (D:3)
  2 orc priests (D:4)
  2 iguanas
  2 orc wizards
  12 gnolls
  2 river rats (Sewer)
  13 adders
  A white imp (D:4)
  3 worms
  7 orcs
  12 endoplasms
  4 giant cockroaches
  5 hobgoblins
  7 kobolds
  2 quokkas (D:1)
  6 ball pythons
  5 bats
  15 frilled lizards
  9 goblins
  15 rats
134 creatures vanquished.

Notes
Turn   | Place    | Note
-------+----------+-------------------------------------------
     0 | D:1      | siradein the Formicid Fighter began the quest for the Orb.
     0 | D:1      | Reached XP level 1. HP: 18/18 MP: 1/1
   125 | D:1      | Reached XP level 2. HP: 18/24 MP: 2/2
   373 | D:1      | HP: 1/24 [frozen (5)]
   374 | D:1      | You fall into a shaft and drop 1 floor!
   824 | D:1      | Found Runwe's Weapon Shoppe.
   828 | D:1      | Reached XP level 3. HP: 29/29 MP: 3/3
  1005 | D:1      | Found a faded altar of an unknown god.
  1849 | D:3      | Reached XP level 4. HP: 37/37 MP: 4/4
  1895 | D:3      | Found Cinla's Distillery.
  1905 | D:3      | Bought a potion of degeneration for 14 gold pieces
  2171 | D:3      | Found a sparkling altar of Nemelex Xobeh.
  2393 | D:3      | Reached XP level 5. HP: 42/42 MP: 5/5
  2789 | D:4      | Reached skill level 5 in Shields
  2826 | D:4      | Reached XP level 6. HP: 17/49 MP: 6/6
  4079 | D:4      | Reached XP level 7. HP: 52/55 MP: 7/7
  4270 | D:4      | Reached skill level 5 in Armour
  4321 | D:4      | Reached skill level 6 in Shields
  4584 | D:5      | Entered Level 5 of the Dungeon
  4755 | D:5      | Reached skill level 5 in Fighting
  4986 | D:5      | Found a glowing drain.
  5062 | Sewer    | Entered a sewer
  5659 | Sewer    | Reached XP level 8. HP: 59/63 MP: 8/8
  6554 | D:5      | Reached skill level 1 in Throwing
  7030 | D:5      | Found a staircase to the Ecumenical Temple.
  7061 | D:5      | Reached skill level 7 in Shields
  7065 | Temple   | Entered the Ecumenical Temple
  7135 | Temple   | Became a worshipper of Warmaster Okawaru
  7404 | D:5      | Noticed a two-headed ogre
  7738 | D:5      | Mangled by a two-headed ogre

Illustrated notes

Levels and vault maps discovered:
D:1:      scummos_arrival_hexagon, layout_rooms, serial_shops,
          nicolae_shop_bloodbath_and_beyond,
          hellmonk_ecumenical_altar_crossroads, corexii_item_surrounded_by_moat,
          st_stairs_5
D:2:      layout_basic
D:3:      layout_basic, general_overflow_altar, serial_shops, shop,
          hangedman_decor_points, minmay_between
D:4:      layout_rooms, chequers_serial_rivers_small_b, minmay_fire_ice_demons
D:5:      layout_loops_ring, minmay_temple_entry_tees,
          cheibrodos_sewer_entry_drain, abandoned_shop, minmay_pentangle
Temple:   eino_wide_crystal_templ

Skill      XL: |  1  2  3  4  5  6  7  8 |
---------------+-------------------------+-----
Armour         | 4 5 |  5.9
Fighting       | 4 5 |  5.9
Polearms       | 3 4 |  4.9
Shields        | 5 6 7 |  7.1
Throwing       | 1 |  1.6
Invocations    | |  0.6

Action                   |  1- 3 |  4- 6 |  7- 9 || total
-------------------------+-------+-------+-------++-------
Melee: Trident           |   122 |   110 |       ||   232
       Halberd           |       |    40 |   247 ||   287
Throw: Boomerang         |       |       |     3 ||     3
 Abil: Dig               |       |       |    15 ||    15
Evoke: Wand              |       |       |     4 ||     4
  Use: Potion            |       |       |     2 ||     2
       Scroll            |       |       |     4 ||     4
Armor: Scale mail        |    21 |       |       ||    21
       Chain mail        |    16 |    74 |   120 ||   210
Dodge: Dodged            |    30 |    40 |    81 ||   151
Block: Buckler           |    23 |    41 |    74 ||   138

Table legend: (Time is in decaauts)
 A = Elapsed time spent in this place.
 B = Non-inter-level travel time spent in this place.
 C = Inter-level travel time spent in this place.
 D = Time resting spent in this place.
 E = Time spent auto-exploring this place.
 F = Levels seen in this place.
 G = Mean time per level.
                   A        B        C        D        E       F      G
               +--------+--------+--------+--------+--------+-----+--------+
         Total |   7984 |   7640 |    344 |    325 |   5407 |   7 | 1140.6 |
       Dungeon |   6693 |   6371 |    322 |    325 |   4840 |   5 | 1338.6 |
        Temple |     79 |     57 |     22 |      0 |     43 |   1 |   79.0 |
         Sewer |   1212 |   1212 |      0 |      0 |    524 |   1 | 1212.0 |
               +--------+--------+--------+--------+--------+-----+--------+

Top non-repeatable levels by time:
     D:5: 1789 daAuts
     D:3: 1712 daAuts
     D:4: 1401 daAuts
   Sewer: 1212 daAuts
     D:2: 1094 daAuts
     D:1: 695 daAuts
  Temple: 79 daAuts
